 Dungeon Crawl Stone Soup version 0.25.0-10-g039870ee82 (webtiles) character file.

Game seed: 14687047052456032634

2 Kold the Insei (level 1, 0/13 HPs)
             Began as an Octopode Transmuter on June 23, 2020.
             Slain by a jackal (1 damage)
             ... on level 1 of the Dungeon.
             The game lasted 00:00:18 (68 turns).

Kold the Insei (Octopode Transmuter)                  Turns: 68, Time: 00:00:19

Health: 0/13       AC:  1    Str:  9    XL:     1   Next: 30%
Magic:  3/3        EV: 13    Int: 15    God:
Gold:   0          SH:  0    Dex: 12    Spells: 3/4 levels left

rFire    . . .     SeeInvis .     - Unarmed
rCold    . . .     Gourm    .   (no shield)
rNeg     . . .     Faith    .   (helmet restricted)
rPois    .         Spirit   .   (no amulet)
rElec    .         Reflect  .   (no ring)
rCorr    .         Harm     .   (no ring)
MR       .....                  (no ring)
Stlth    ++........             (no ring)
HPRegen  0.04/turn              (no ring)
MPRegen  0.08/turn              (no ring)
                                (no ring)
                                (no ring)

@: no status effects
A: almost no armour, stealthy swim, amphibious, 8 rings, constrict 8, camouflage
1, gelatinous body 1
a: no special abilities


You were on level 1 of the Dungeon.
You were not hungry.

You visited 1 branch of the dungeon, and saw 1 of its levels.

Inventory:

Missiles
 a - 12 arrows
Comestibles
 b - a chunk of flesh
 c - a ration


   Skills:
 - Level 1.0 Fighting
 - Level 2.0 Dodging
 + Level 0.4 Stealth
 + Level 3.0 Unarmed Combat
 - Level 2.0 Spellcasting
 + Level 2.0 Transmutations


You had 3 spell levels left.
You knew the following spells:

 Your Spells              Type           Power        Failure   Level  Hunger
a - Beastly Appendage     Tmut           #.....       10%         1    #......

Your spell library contained the following spells:

 Spells                   Type           Power        Failure   Level  Hunger
 Sticks to Snakes         Tmut           #.......     14%         2    ###....
 Spider Form              Tmut/Pois      #.........   41%         3    ###....
 Ice Form                 Ice/Tmut       #.......     82%         4    #####..
 Blade Hands              Tmut           #.........   95%         5    ######.


Dungeon Overview and Level Annotations

Branches:
Dungeon (1/15)

Altars:


Innate Abilities, Weirdness & Mutations

You cannot wear most types of armour.
You are very stealthy in the water. (Stealth+)
You are amphibious.
You can wear up to eight rings at the same time.
You can use your tentacles to constrict eight enemies at once.
Your skin changes colour to match your surroundings (Stealth+).
Your rubbery body absorbs attacks. (AC +1, EV +1)


Message History

The jackal barely misses you. The jackal misses you.
You closely miss the jackal. You grab the jackal.
You constrict the jackal, but do no damage.
You constrict the jackal. The jackal misses you.
The jackal completely misses you.
You tentacle-slap the jackal but do no damage.
You squeeze the jackal.
The jackal is almost dead.
You constrict the jackal, but do no damage.
You constrict the jackal. The jackal bites you. The jackal misses you.
You tentacle-slap the jackal but do no damage.
You squeeze the jackal.
The jackal is severely wounded.
You constrict the jackal, but do no damage.
You constrict the jackal. The jackal bites you.
* * * LOW HITPOINT WARNING * * *
The jackal bites you.
* * * LOW HITPOINT WARNING * * *
The jackal misses you. The jackal bites you.
You die...

.. #....... #.###......
..#....... ##........ ..
#........ .... #.#.#..#
..l. #.#.#.h#######
....# #.#..@h†......
....##### #.#...#.......
#......####.....#.......
#..............##.......
##......÷....### .......
##...........## .(.....
..........##.# .......
###......###... .......
##.......# ..###


You could see 2 jackals.

Vanquished Creatures
  A jackal (D:1)
  A rat (D:1)
2 creatures vanquished.

Notes
Turn   | Place    | Note
-------+----------+-------------------------------------------
     0 | D:1      | Kold the Octopode Transmuter began the quest for the Orb.
     0 | D:1      | Reached XP level 1. HP: 13/13 MP: 3/3
    68 | D:1      | Slain by a jackal

Illustrated notes

Levels and vault maps discovered:
D:1:      saegor_arrival_simple_b, layout_rooms, serial_forest,
          infiniplex_forest_lined_3, infiniplex_forest_clump_medium,
          infiniplex_forest_corner_1, infiniplex_forest_lined_4_way,
          infiniplex_forest_lined_1, infiniplex_forest_straight_3,
          chequers_serial_rivers_micro_d, columned_hall_lemuel

Action                   || total
-------------------------++-------
Melee: Unarmed           ||    13
       Constrict         ||     4
       Tentacles         ||     4
 Cast: Beastly Appendage ||     1
Armor: Skin              ||     1
Dodge: Dodged            ||    16
